 Dungeon Crawl Stone Soup version 0.18.1-47-g9310371 (webtiles) character file.

328 Peloso the Shield-Bearer (level 6, -2/56 HPs)
             Began as a Minotaur Fighter on June 17, 2016.
             Slain by an ogre
             ... wielding a +0 giant spiked club
              (7 damage)
             ... on level 4 of the Dungeon.
             The game lasted 00:06:04 (2855 turns).

Peloso the Shield-Bearer (Minotaur Fighter)         Turns: 2855, Time: 00:06:05

Health: -2/56      AC: 12    Str: 21    XL:     6   Next: 25%
Magic:  5/5        EV:  6    Int:  5    God:
Gold:   180        SH: 10    Dex: 11    Spells: 0 memorised, 5 levels left

rFire  . . .     SeeInvis +     a - +0 long sword
rCold  + . .     Gourm    .     q - +0 chain mail
rNeg   . . .     Faith    .     c - +0 shield
rPois  .         Spirit   .     (helmet restricted)
rElec  .         Dismiss  .     x - +1 cloak {+Inv}
rCorr  .         Reflect  .     (no gloves)
SustAt .         Harm     .     (no boots)
MR     .....                    (no amulet)
Stlth  ..........               p - ring of see invisible
                                l - ring of protection from cold

@: drained, not resistant to hostile enchantments, extremely unstealthy
A: retaliatory headbutt, hooves 1, horns 2
a: Evoke Invisibility


You were on level 4 of the Dungeon.
You were hungry.

You visited 1 branch of the dungeon, and saw 4 of its levels.

You collected 180 gold pieces.

Inventory:

Hand Weapons
 a - a +0 long sword (weapon)
 w - a +2 vampiric war axe
Armour
 b - a +0 scale mail
 c - a +0 shield (worn)
 q - a +0 chain mail (worn)
 x - a +1 cloak of invisibility (worn)
Jewellery
 l - a ring of protection from cold (left hand)
 p - a ring of see invisible (right hand)
Scrolls
 s - a scroll of identify
 t - a scroll of recharging
 u - a scroll of random uselessness {unknown}
 v - a scroll of magic mapping {unknown}
 y - a scroll of amnesia
Potions
 d - 2 potions of brilliance
 e - a potion of cure mutation
 h - a potion of magic
 j - a potion of invisibility {unknown}
 m - 4 potions of curing
 n - a potion of cancellation {unknown}
 o - 2 potions of ambrosia {unknown}
 r - a potion of agility {unknown}
Comestibles
 f - 3 bread rations
 g - a slice of pizza
 i - a beef jerky
 k - 2 royal jellies


   Skills:
 + Level 5.2(5.0) Fighting
 + Level 3.6(3.4) Long Blades
 + Level 5.1(5.0) Armour
 + Level 1.9(1.7) Dodging
 + Level 5.4(5.3) Shields


You had 5 spell levels left.
You didn't know any spells.

Dungeon Overview and Level Annotations

Branches:
Dungeon (4/15)
 Temple: D:4-7

Altars:
Nemelex Xobeh
Qazlal
Sif Muna


Innate Abilities, Weirdness & Mutations

You reflexively headbutt those who attack you in melee.
You have a pair of horns on your head.
You have large cloven feet.


Message History

The ogre is moderately wounded.
You hit the ogre but do no damage. You kick the ogre, but do no damage.
Your headbutt misses the ogre.
The ogre is moderately wounded.
The ogre closely misses you.
You barely miss the ogre.
The ogre is moderately wounded.
The ogre hits you with a giant spiked club!
You hit the ogre. You kick the ogre, but do no damage.
The ogre is moderately wounded.
The ogre hits you with a giant spiked club!!
You completely miss the ogre. You kick the ogre, but do no damage.
The ogre is moderately wounded.
The ogre hits you with a giant spiked club!!
* * * LOW HITPOINT WARNING * * *
You hit the ogre. You kick the ogre, but do no damage.
The ogre is heavily wounded.
You are feeling hungry.
The ogre hits you with a giant spiked club!
You die...

#..[# . #...# ..
#...# ... #...#
....#...# ........#
.......O#
.......@###########
..................#
$.##....#########.#
########......#.#
#....###.####.#.#
#.............#.#
#..(.###.#.#..#.#
#.#....#.###..#.#
#.#.#.##...#..#.#


You could see an ogre.

Vanquished Creatures
  A phantom (D:1)
  2 orc priests (D:3)
  Crazy Yiuf (D:3)
  Natasha (thrice) (D:3)
  An adder (D:3)
  3 worms
  A dart slug (D:1)
  2 giant geckos (D:2)
  4 orcs (D:3)
  4 bats
  A giant cockroach (D:2)
  5 goblins
  8 hobgoblins
  4 jackals (D:2)
  6 kobolds
  2 quokkas
  3 ball pythons
  A giant newt (D:3)
  5 rats
57 creatures vanquished.

Notes
Turn   | Place    | Note
--------------------------------------------------------------
     0 | D:1      | Peloso the Minotaur Fighter began the quest for the Orb.
     0 | D:1      | Reached XP level 1. HP: 19/19 MP: 0/0
   453 | D:1      | Reached XP level 2. HP: 26/27 MP: 1/1
   811 | D:1      | Noticed a phantom
   849 | D:1      | HP: 1/27 [phantom (2)]
   856 | D:1      | Killed a phantom
   856 | D:1      | Reached XP level 3. HP: 2/34 MP: 2/2
   856 | D:1      | Reached XP level 4. HP: 2/41 MP: 3/3
  1410 | D:2      | Gained mutation: You have large cloven feet. [potion of beneficial mutation]
  1621 | D:2      | Found a faded altar to an unknown god.
  1890 | D:2      | Reached XP level 5. HP: 47/47 MP: 4/4
  1976 | D:2      | Found a sparkling altar of Nemelex Xobeh.
  2064 | D:3      | Found a stormy altar of Qazlal.
  2136 | D:3      | Reached skill level 1 in Dodging
  2136 | D:3      | Reached skill level 5 in Shields
  2145 | D:3      | Reached skill level 5 in Fighting
  2341 | D:3      | Noticed Natasha
  2354 | D:3      | Killed Natasha
  2431 | D:3      | Noticed Natasha
  2439 | D:3      | Killed Natasha
  2439 | D:3      | Reached XP level 6. HP: 43/56 MP: 5/5
  2460 | D:3      | Found a deep blue altar of Sif Muna.
  2514 | D:3      | Noticed Natasha
  2567 | D:3      | Noticed Crazy Yiuf
  2571 | D:3      | Killed Crazy Yiuf
  2571 | D:3      | Reached skill level 5 in Armour
  2646 | D:3      | Killed Natasha
  2855 | D:4      | Slain by an ogre

Skill      XL: |  1  2  3  4  5  6 |
---------------+-------------------+-----
Fighting       | 4 5 |  5.2
Armour         | 4 5 |  5.1
Shields        | 4 5 |  5.4
Long Blades    | 3 |  3.6
Dodging        | 1 |  1.9

Action                   |  1- 3 |  4- 6 || total
-------------------------+-------+-------++-------
Melee: Long sword        |    38 |   134 ||   172
       Headbutt          |     5 |    24 ||    29
       Kick              |       |    21 ||    21
  Use: Potion            |     1 |     1 ||     2
       Scroll            |       |    10 ||    10
  Eat: Chunk             |       |     6 ||     6
Armor: Scale mail        |    10 |    20 ||    30
       Chain mail        |       |    34 ||    34
Dodge: Dodged            |     8 |    45 ||    53
Block: Shield            |    13 |    75 ||    88
